[Event "Summer Prague Open-A 2024"]
[Site "Prague"]
[Date "2024.08.06"]
[Round "6.20"]
[White "Moritani, Sho"]
[Black "Maj, Pawel"]
[Result "0-1"]
[Annotator "NA RC"]
[ECO "B50"]
[WhiteElo "2031"]
[BlackElo "2158"]
[PlyCount "88"]
[EventDate "2024.08.02"]
[EventType "swiss"]
[EventCountry "CZE"]
[SourceTitle "playchess.com"]
[Source "ChessBase"]
[SourceQuality "1"]
[TimeControl "40/5400+30:1800+30"]

1. e4 c5 2. Nf3 d6 3. Bc4 Nf6 4. d3 g6 5. O-O Bg7 6. c3 O-O 7. Bb3 Nc6 8. h3 e5 9. Be3 b6 10. Nbd2 Bb7 11. d4 exd4 12. cxd4 Re8 13. d5 Nb4 14. a3 Nd3 15. Qc2 Ba6 16. Bc4 Bxc4 17. Nxc4 b5 18. Nxd6 Qxd6 19. Qxd3 c4 20. Qc2 Nxe4 21. Rad1 Ng3 22. Rfe1 Nf5 23. Qc1 Nxe3 24. fxe3 Qc5 25. Kh1 Bh6 26. Qc3 Bg7 27. Qc1 Re4 28. Qd2 Rd8 29. Rf1 Qxe3 30. Qa5 Qb6 31. Qd2 h6 32. Qc2 Re3 33. Qf2 Rd3 34. Qh4 R8xd5 35. Rde1 Qd8 36. Qf4 Rf5 37. Qe4 Bxb2 38. Qc6 Qf6 39. Re8+ Kh7 40. Qc8 Rfxf3 41. gxf3 Rxf3 42. Rd1 Rf1+ 43. Rxf1 Qxf1+ 44. Kh2 Be5+ 0-1

[Event "Summer Prague Open-A 2024"]
[Site "Prague"]
[Date "2024.08.06"]
[Round "6.21"]
[White "Pahud, Cedric"]
[Black "Alimbetov, Dias"]
[Result "1-0"]
[Annotator "RC"]
[ECO "A06"]
[WhiteElo "2152"]
[BlackElo "1887"]
[PlyCount "85"]
[EventDate "2024.08.02"]
[EventType "swiss"]
[EventCountry "CZE"]
[SourceTitle "playchess.com"]
[Source "ChessBase"]
[SourceQuality "1"]
[TimeControl "40/5400+30:1800+30"]

1. Nf3 d5 2. c4 c6 3. e3 Nf6 4. d4 Bg4 5. h3 Bh5 6. g4 Bg6 7. Ne5 e6 8. Nxg6 hxg6 9. Bg2 Nbd7 10. Nd2 Bb4 11. a3 Bxd2+ 12. Bxd2 dxc4 13. Qc2 Nb6 14. Ba5 Nfd7 15. O-O-O Qg5 16. Bxb6 Nxb6 17. f4 Qb5 18. Bf1 O-O-O 19. h4 c5 20. Be2 cxd4 21. exd4 Kb8 22. Kb1 Rd6 23. h5 g5 24. fxg5 Qxg5 25. Rhf1 f6 26. Qe4 Rhd8 27. Rc1 Rxd4 28. Qxe6 Qb5 29. Rc2 Rc8 30. h6 gxh6 31. Qxf6 Qd5 32. Rf5 Qe4 33. Bf3 Qd3 34. Qe5+ Ka8 35. Rf7 Rd7 36. Be4 Qd1+ 37. Rc1 Qxc1+ 38. Kxc1 Rxf7 39. Qe6 Rg7 40. Qf6 Rg5 41. Bf5 Rcg8 42. Qxh6 Kb8 43. Be6 1-0

[Event "Summer Prague Open-A 2024"]
[Site "Prague"]
[Date "2024.08.06"]
[Round "6.22"]
[White "Thomas, Tobias"]
[Black "Patil Harshal"]
[Result "0-1"]
[Annotator "NA RC"]
[ECO "A14"]
[WhiteElo "1966"]
[BlackElo "2130"]
[PlyCount "76"]
[EventDate "2024.08.02"]
[EventType "swiss"]
[EventCountry "CZE"]
[SourceTitle "playchess.com"]
[Source "ChessBase"]
[SourceQuality "1"]
[TimeControl "40/5400+30:1800+30"]

1. c4 Nf6 2. g3 e6 3. Bg2 d5 4. Nf3 Be7 5. O-O O-O 6. b3 d4 7. e3 d3 8. Bb2 c5 9. Ne1 Nc6 10. f4 a6 11. e4 e5 12. f5 b5 13. Qf3 Qb6 14. Nxd3 bxc4 15. bxc4 Bb7 16. Nc3 Na5 17. Rab1 Nxc4 18. Qe2 Rfd8 19. Bc1 Qc7 20. Nf2 Nd6 21. g4 h6 22. Kh1 Nb5 23. Nxb5 axb5 24. Rg1 b4 25. h4 Nh7 26. g5 hxg5 27. d3 Rd6 28. Nh3 Rh6 29. hxg5 Bxg5 30. Bf1 f6 31. Kg2 Qf7 32. Bxg5 fxg5 33. Rb2 Qxf5 34. Kg3 Qd7 35. Qc2 Ra3 36. Qxc5 Rxd3+ 37. Kf2 Rf6+ 38. Ke2 Ba6 0-1

[Event "Summer Prague Open-A 2024"]
[Site "Prague"]
[Date "2024.08.06"]
[Round "6.23"]
[White "Soural, Jan"]
[Black "Bohatyrov, Mykola"]
[Result "1/2-1/2"]
[Annotator "NA RC"]
[ECO "A11"]
[WhiteElo "2130"]
[BlackElo "1847"]
[PlyCount "44"]
[EventDate "2024.08.02"]
[EventType "swiss"]
[EventCountry "CZE"]
[SourceTitle "playchess.com"]
[Source "ChessBase"]
[SourceQuality "1"]
[TimeControl "40/5400+30:1800+30"]

1. c4 c6 2. Nf3 Nf6 3. e3 d5 4. Nc3 g6 5. d4 Bg7 6. Be2 O-O 7. O-O Ne4 8. Qb3 e6 9. Nxe4 dxe4 10. Nd2 f5 11. c5 Kh8 12. Nc4 Qe7 13. Nd6 e5 14. dxe5 Nd7 15. Bd2 Nxc5 16. Qa3 Ne6 17. Bb4 c5 18. Bxc5 Nxc5 19. Qxc5 Qxe5 20. Rac1 Be6 21. Qxe5 Bxe5 22. Bc4 Bxd6 1/2-1/2

[Event "Summer Prague Open-A 2024"]
[Site "Prague"]
[Date "2024.08.06"]
[Round "6.24"]
[White "Zhakan, Erasyl"]
[Black "Lihotsky, Lukas"]
[Result "1/2-1/2"]
[Annotator "NA RC"]
[ECO "B12"]
[WhiteElo "1962"]
[BlackElo "2104"]
[PlyCount "95"]
[EventDate "2024.08.02"]
[EventType "swiss"]
[EventCountry "CZE"]
[SourceTitle "playchess.com"]
[Source "ChessBase"]
[SourceQuality "1"]
[TimeControl "40/5400+30:1800+30"]

1. e4 c6 2. d4 d5 3. e5 Bf5 4. h4 h5 5. Bd3 Bxd3 6. Qxd3 Qa5+ 7. b4 Qa6 8. Qb3 e6 9. a4 Qb6 10. c3 a5 11. b5 Nd7 12. Nf3 Ne7 13. Ba3 c5 14. Nbd2 c4 15. Qd1 f6 16. Qe2 Nf5 17. Bxf8 Rxf8 18. O-O O-O-O 19. Rfe1 Rde8 20. Nf1 fxe5 21. Nxe5 Nxe5 22. Qxe5 Nxh4 23. Qxh5 Qd8 24. b6 Nf5 25. Qg4 Rh8 26. g3 Rh6 27. Rab1 Reh8 28. Re5 Qf6 29. Rxf5 Qxf5 30. Qxf5 exf5 31. Rb5 f4 32. Kg2 Rf6 33. gxf4 Rhf8 34. f3 Rxf4 35. Nh2 R4f5 36. Rxa5 R8f6 37. Rb5 Re6 38. Ng4 Re2+ 39. Kg3 Kd7 40. Rc5 Kd6 41. Rc8 Rb2 42. a5 Ra2 43. Ne5 Rxa5 44. Rd8+ Ke6 45. Re8+ Kd6 46. Rd8+ Ke6 47. Re8+ Kd6 48. Rd8+ 1/2-1/2

[Event "Summer Prague Open-A 2024"]
[Site "Prague"]
[Date "2024.08.06"]
[Round "6.25"]
[White "Schmitz, Thorsten"]
[Black "Stefanisin, Jan"]
[Result "1-0"]
[Annotator "NA RC"]
[ECO "A05"]
[WhiteElo "2218"]
[BlackElo "1996"]
[PlyCount "73"]
[EventDate "2024.08.02"]
[EventType "swiss"]
[EventCountry "CZE"]
[SourceTitle "playchess.com"]
[Source "ChessBase"]
[SourceQuality "1"]
[TimeControl "40/5400+30:1800+30"]

1. Nf3 Nf6 2. g3 b6 3. Bg2 Bb7 4. O-O e6 5. c4 d6 6. d4 Nbd7 7. Nc3 Be7 8. d5 O-O 9. dxe6 fxe6 10. Nd4 Bxg2 11. Nxe6 Qc8 12. Kxg2 Re8 13. Nd5 Bd8 14. Nxd8 Qxd8 15. Be3 Nxd5 16. Qxd5+ Kh8 17. Rae1 Re5 18. Qd2 Nf6 19. f3 Qd7 20. Bf4 Re6 21. e4 Qc6 22. b3 a5 23. Bg5 Rae8 24. Kg1 a4 25. Qd4 Nd7 26. Bd2 Re5 27. Bc3 Nf6 28. Qd3 R5e6 29. Bd4 Nh5 30. Re2 Rg6 31. Rg2 Qd7 32. f4 Qh3 33. e5 c5 34. Bc3 dxe5 35. fxe5 Qe6 36. Qf3 Rg5 37. g4 1-0

[Event "Summer Prague Open-A 2024"]
[Site "Prague"]
[Date "2024.08.06"]
[Round "6.26"]
[White "Flajsman, Pavel"]
[Black "Halafov, Ilgar"]
[Result "0-1"]
[Annotator "RC"]
[ECO "B11"]
[WhiteElo "2188"]
[BlackElo "1975"]
[PlyCount "112"]
[EventDate "2024.08.02"]
[EventType "swiss"]
[EventCountry "CZE"]
[SourceTitle "playchess.com"]
[Source "ChessBase"]
[SourceQuality "1"]
[TimeControl "40/5400+30:1800+30"]

1. e4 c6 2. Nf3 d5 3. Nc3 Bg4 4. d4 dxe4 5. Nxe4 Nf6 6. Nxf6+ exf6 7. Be3 Bd6 8. h3 Be6 9. Bd3 Nd7 10. O-O O-O 11. c4 Bc7 12. Qc2 h6 13. Rfd1 Nb6 14. d5 cxd5 15. Bxb6 Bxb6 16. cxd5 Bd7 17. Nd2 Rc8 18. Qb3 Qc7 19. Qb4 Rfd8 20. Qe4 f5 21. Qf3 g6 22. g4 fxg4 23. hxg4 Bd4 24. Ne4 Qe5 25. Re1 Re8 26. Re2 Qg7 27. Nd6 Rxe2 28. Qxe2 Rb8 29. Kg2 Qf6 30. Nb5 Bb6 31. Nc3 Qf4 32. Qf3 Qxg4+ 33. Qxg4 Bxg4 34. Re1 Kf8 35. Bb5 Rd8 36. Kg3 Bf5 37. Bc4 h5 38. Rd1 h4+ 39. Kf3 Ke7 40. Re1+ Kf6 41. Ne4+ Kg7 42. Ng5 Rd7 43. Re8 Bd4 44. b3 Bb6 45. a4 a6 46. Kg2 Bd8 47. Ne6+ fxe6 48. dxe6 h3+ 49. Kg3 Bh4+ 50. Kxh4 h2 51. Rg8+ Kf6 52. Rf8+ Ke5 53. Rxf5+ gxf5 54. exd7 h1=Q+ 55. Kg3 Qg1+ 56. Kh3 Qd1 0-1

[Event "Summer Prague Open-A 2024"]
[Site "Prague"]
[Date "2024.08.06"]
[Round "6.27"]
[White "Stocek, Martin"]
[Black "Heron, Andrew"]
[Result "0-1"]
[Annotator "NA RC"]
[ECO "D96"]
[WhiteElo "2176"]
[BlackElo "1973"]
[PlyCount "98"]
[EventDate "2024.08.02"]
[EventType "swiss"]
[EventCountry "CZE"]
[SourceTitle "playchess.com"]
[Source "ChessBase"]
[SourceQuality "1"]
[TimeControl "40/5400+30:1800+30"]

1. d4 Nf6 2. c4 g6 3. Nc3 d5 4. Nf3 Bg7 5. Qb3 c6 6. cxd5 cxd5 7. Bg5 e6 8. e3 O-O 9. Ne5 h6 10. Bh4 Nc6 11. Rc1 Na5 12. Qb4 g5 13. Bg3 Nh5 14. Be2 Nxg3 15. hxg3 Bxe5 16. dxe5 Nc6 17. Qg4 Kg7 18. Qh5 Rh8 19. f4 Bd7 20. O-O Rf8 21. Rcd1 Be8 22. Ne4 Qb6 23. Nf6 Qxe3+ 24. Rf2 Qxg3 25. Rf3 Qh4 26. Qxh4 gxh4 27. Rh3 Rh8 28. Rxh4 Ne7 29. Rd3 Ng6 30. Rg3 Kf8 31. Rhg4 Rc8 32. Bd3 h5 33. Rg5 Nxf4 34. Kh2 Nxd3 35. Rxd3 Rc2 36. Ra3 a6 37. Rb3 Bc6 38. Rb4 h4 39. Kh3 Rc1 40. Rb3 Rh1+ 41. Kg4 Re1 42. a3 Re2 43. Kf4 Rf2+ 44. Ke3 Rxf6 45. exf6 h3 46. gxh3 Rxh3+ 47. Kd4 Rxb3 48. Ke5 Rf3 49. Rh5 Rf5+ 0-1

[Event "Summer Prague Open-A 2024"]
[Site "Prague"]
[Date "2024.08.06"]
[Round "6.28"]
[White "Cichon, Bartlomiej"]
[Black "Toure, Vasanth"]
[Result "1-0"]
[Annotator "NA RC"]
[ECO "C50"]
[WhiteElo "1992"]
[BlackElo "2176"]
[PlyCount "101"]
[EventDate "2024.08.02"]
[EventType "swiss"]
[EventCountry "CZE"]
[SourceTitle "playchess.com"]
[Source "ChessBase"]
[SourceQuality "1"]
[TimeControl "40/5400+30:1800+30"]

1. e4 e5 2. Nf3 Nc6 3. Bc4 Nf6 4. d3 Bc5 5. O-O d6 6. c3 a6 7. Bb3 Ba7 8. Nbd2 h6 9. Re1 Be6 10. Nf1 Qd7 11. Bc2 O-O 12. Ng3 d5 13. Qe2 Ng4 14. Rf1 b5 15. Nh4 Nf6 16. Nhf5 Ne7 17. d4 Nxe4 18. Nxe7+ Qxe7 19. Nxe4 dxe4 20. Qxe4 f5 21. Qxe5 Qf7 22. Bb3 Bxb3 23. axb3 Bb6 24. b4 f4 25. Qe4 Qf5 26. Qxf5 Rxf5 27. f3 Kf7 28. Re1 a5 29. bxa5 Rxa5 30. Rxa5 Bxa5 31. Re4 g5 32. Kf2 c5 33. Ke2 Rd5 34. dxc5 Rxc5 35. b4 Rxc3 36. Bd2 Bxb4 37. Rxb4 Rc5 38. Re4 Rd5 39. Bc3 Rc5 40. Kd3 Rc7 41. Kc2 Kg6 42. Kb3 Rc6 43. Re5 Rb6 44. Kb4 Ra6 45. Rd5 Ra7 46. Kxb5 Rb7+ 47. Kc4 Rb1 48. Rd6+ Kf7 49. Rf6+ Ke8 50. Rxh6 Rg1 51. Re6+ 1-0